 Dungeon Crawl Stone Soup version 0.19.0 (webtiles) character file.

215074 edsrzf the Fencer (level 19, -11/166 HPs)
             Began as a Formicid Fighter on Nov 15, 2016.
             Was the Champion of Cheibriados.
             Killed by the air
             ... invoked by a wind drake
              (16 damage)
             ... on level 3 of the Shoals.
             The game lasted 01:39:59 (29499 turns).

edsrzf the Fencer (Formicid Fighter)               Turns: 29499, Time: 01:39:59

Health: -11/166    AC: 24    Str: 32    XL:     19   Next: 74%
Magic:  18/28      EV: 13    Int: 33    God:    Cheibriados [******]
Gold:   2668       SH: 36    Dex: 25    Spells: 3 memorised, 24 levels left

rFire  . . .     SeeInvis +     a - +5 triple sword (vamp)
rCold  + . .     Gourm    .     p - +3 chain mail
rNeg   + . .     Faith    .     e - +18 shield of the Gong {rElec rN+ MR+ EV-5}
rPois  +         Spirit   .     (helmet unavailable)
rElec  +         Reflect  +     E - +2 cloak {+Inv}
rCorr  .         Harm     .     v - +2 pair of gloves
MR     ++...                    (no boots)
Stlth  ..........               Z - amulet "Onaomoeg" {Reflect Str-5 Int+3 Slay+4 SH+4}
                                h - ring of poison resistance
                                O - ring of protection from cold

@: barbed spikes, flying, very slow
A: permanent stasis, dig shafts and tunnels, four strong arms, antennae 3,
rugged brown scales 1
a: Dig, Shaft Self, Bend Time, Temporal Distortion, Slouch, Step From Time,
Renounce Religion, Evoke Invisibility
}: 1/15 runes: serpentine


You were on level 3 of the Shoals.
You worshipped Cheibriados.
Cheibriados was exalted by your worship.
You were not hungry.

You visited 6 branches of the dungeon, and saw 31 of its levels.
You also visited: Labyrinth, Ossuary and Ice Cave.

You collected 3396 gold pieces.
You spent 728 gold pieces at shops.

Inventory:

Hand Weapons
 a - a +5 vampiric triple sword (weapon)
Missiles
 B - 7 throwing nets {=f}
Armour
 e - the +18 shield of the Gong (worn) {rElec rN+ MR+ EV-5}
   (You acquired it in an ice cave)

   It affects your evasion (-5).
   It insulates you from electricity.
   It protects you from negative energy.
   It affects your resistance to hostile enchantments.
 p - a +3 chain mail (worn)
 v - a +2 pair of gloves (worn)
 E - a +2 cloak of invisibility (worn)
 H - a +0 pair of boots
Jewellery
 g - an uncursed ring of flight
 h - a ring of poison resistance (right hand)
 F - an uncursed ring of positive energy
 I - an uncursed ring of protection from cold
 O - a ring of protection from cold (left hand)
 Q - an uncursed ring of ice
 Z - the amulet "Onaomoeg" (around neck) {Reflect Str-5 Int+3 Slay+4 SH+4}
   (You found it on level 11 of the Dungeon)

   [amulet of reflection]

   It shields you and reflects attacks.
   It affects your strength (-5).
   It affects your intelligence (+3).
   It affects your accuracy and damage with ranged weapons and melee attacks
   (+4).
   It affects your SH (+4).
Wands
 i - a wand of enslavement (10/24)
 l - a wand of lightning (8/15)
 m - a wand of heal wounds (4/9)
 u - a wand of lightning (6/15)
 A - a wand of disintegration (15/24)
 S - a wand of confusion (22/48)
 U - a wand of enslavement (17/24)
Scrolls
 b - 2 scrolls of magic mapping
 k - 2 scrolls of silence {!r}
 x - 7 scrolls of remove curse {@r2}
 D - 2 scrolls of recharging {@r4}
 K - 4 scrolls of fog
 N - a scroll of summoning
 R - 5 scrolls of amnesia
 V - 2 scrolls of brand weapon
Potions
 c - 2 potions of brilliance {unknown}
 d - 3 potions of might
 o - a potion of agility
 q - 3 potions of invisibility
 r - 6 potions of flight
 t - 4 potions of cancellation
 y - 2 potions of cure mutation {unknown}
 C - 4 potions of magic
 G - 11 potions of curing
 P - 2 potions of ambrosia
 Y - 2 potions of resistance
Books
 n - a book of Maledictions
 z - the Volume of Talismans and Malediction
   (You found it in a labyrinth)

   Spells                             Type                      Level
   a - Song of Slaying                Charms                       2
   b - Repel Missiles                 Charms/Air                   2
   c - Swiftness                      Charms/Air                   2
   d - Inner Flame                    Hexes/Fire                   3
   e - Deflect Missiles               Charms/Air                   6
 J - a book of Party Tricks
 L - a book of Misfortune
 M - a book of Minor Magic
 T - a book of Cantrips
 W - a book of Geomancy
 X - a book of Callings
Comestibles
 f - 18 bread rations
 j - 7 meat rations
 s - 13 slices of pizza
 w - 26 fruits


   Skills:
 + Level 17.7 Fighting
 + Level 18.3 Long Blades
 + Level 13.5 Armour
 + Level 9.5 Dodging
 - Level 9.0 Shields
 - Level 6.0 Spellcasting
 - Level 3.1 Transmutations
 - Level 5.1 Earth Magic
 - Level 13.0 Invocations
 - Level 7.0 Evocations


You had 24 spell levels left.
You knew the following spells:

 Your Spells              Type           Power        Failure   Level  Hunger
a - Passwall              Tmut/Erth      #####.....   4%          2    None
d - Tukima's Dance        Hex            #.......     38%         3    None
u - Summon Butterflies    Summ           #.......     14%         1    None


Dungeon Overview and Level Annotations

Branches:
Dungeon (15/15)            Temple (1/1) D:5            Lair (6/6) D:11
 Shoals (3/4) Lair:2        Snake (4/4) Lair:3        Slime (0/5) Lair:6
    Orc (2/2) D:9             Elf (0/3) Orc:2        Vaults (0/5) D:14
 Depths (0/5) D:15

Altars:
Ashenzari
Cheibriados
Dithmenos
Elyvilon
Fedhas
Gozag
Hepliaklqana
Kikubaaqudgha
Makhleb
Nemelex Xobeh
Okawaru
Qazlal
Ru
Sif Muna
Trog
Uskayaw
Vehumet
Xom
Yredelemnul
Zin
The Shining One
Beogh

Shops:
D:6 [   Orc:1 *   Orc:2 }!*((   Shoals:1 *   Snake:3 *

Portals:
Hell: Lair:6

Annotations:
D:9 1 runed door


Innate Abilities, Weirdness & Mutations

You are under a permanent stasis effect.
You can dig through walls and to a lower floor.
Your four strong arms can wield two-handed weapons with a shield.
You have a pair of large antennae on your head. (SInv)
You are partially covered in rugged brown scales. (AC +1, +3% HP)


Message History

GONNNNG!
The siren chants a haunting song.
You resist. You block the manticore's attack.
PTOANNNG!
You block the manticore's attack.
SHROANNG!
The manticore completely misses you.
The merfolk hits you but does no damage.
The merfolk javelineer hits you from afar with a spear of freezing.
The merfolk impaler hits you from afar with a trident!
The wind drake exhales a fierce blast of wind!
You are blown backwards!
The manticore and the merfolk are blown away by the wind.
Found 20 stones and 32 gold pieces.
Unknown command.
The wind drake flaps its wings at you.
The air twists around and violently strikes you in flight!
The water nymph points at you and mumbles some strange words.
The water rises up and strikes you!
* * * LOW HITPOINT WARNING * * *
The wind drake flaps its wings at you.
The air twists around and violently strikes you in flight!
* * * LOW HITPOINT WARNING * * *
The merfolk throws a tomahawk.
SHROANNG!
You reflect the tomahawk off an invisible shield around you!
The tomahawk misses the merfolk.
The tomahawk hits the water nymph!
You hear a splash.
The merfolk javelineer hits you but does no damage.
You hear a shout!
You hear a screech!
You closely miss the manticore.
The water nymph gestures at you while chanting.
The water rises up and strikes you!
* * * LOW HITPOINT WARNING * * *
You block the siren's attack.
PANG!
The wind drake exhales a fierce blast of wind!
You are blown backwards!
The monsters around you are blown away!
Okay, then.
Okay, then.
Unknown command.
Press: ? - help, v - describe, . - travel Some shallow water.
Unknown command.
Okay, then.
Unknown command.
Okay, then.
Unknown command.
Okay, then.
Unknown command.
Casting: Passwall
Confirm with . or Enter, or press ? or * to list all spells.
Okay, then.
Unknown command.
Okay, then.
Press: ? - help, v - describe, . - travel
Here: a merfolk javelineer, wielding a spear of freezing and wearing a leather armour (moderately wounded) Some shallow water.
Unknown command.
You can feel time thicken for a moment.
You kill the wind drake!
Cheibriados thoroughly appreciates the change of pace.
You feel somewhat more hungry.
The merfolk throws a tomahawk.
The tomahawk closely misses you.
You hear a splash.
You block the merfolk javelineer's attack.
GONNNNG!
The manticore flicks its tail.
The volley of spikes hits you!
The barbed spikes become lodged in your body.
* * * LOW HITPOINT WARNING * * *
The wind drake flaps its wings at you.
The air twists around and violently strikes you in flight!
* * * LOW HITPOINT WARNING * * *
The siren chants a haunting song.
You easily resist.
You hear a shout!
You hear a bellow!
Press: ? - help, v - describe, . - travel
Here: a wind drake (heavily wounded, deflecting missiles, catching its breath) Some shallow water.
Unknown command.
You can feel time thicken for a moment.
You kill the siren!
Cheibriados appreciates the change of pace.
You hear a splash.
You kill the siren!
Cheibriados thoroughly appreciates the change of pace.
You hear a splash.
You kill the merfolk!
Cheibriados thoroughly appreciates the change of pace.
You hear a splash. x2
You kill the water nymph!
Cheibriados appreciates the change of pace.
You feel somewhat more hungry.
The merfolk javelineer hits you but does no damage.
The siren chants a haunting song.
You resist with almost no effort. The wind drake flaps its wings at you.
The air twists around and violently strikes you in flight!
You die...

≈≈≈≈≈≈≈≈≈≈≈≈≈PP≈P≈
...≈≈≈≈≈≈≈≈≈≈≈≈.P≈≈P≈≈≈
..≈≈≈≈≈≈≈≈≈≈≈...P≈PP≈≈
.≈≈≈≈≈≈.≈≈≈≈..#.≈P≈≈≈
#....≈(≈≈≈≈(≈.?..≈≈≈≈
#$.H≈)≈≈†≈≈≈≈≈≈≈≈≈≈≈
≈.###.≈≈≈m≈)≈(≈≈≈≈≈≈≈≈≈≈
≈...(...≈m≈≈kc≈(((≈≈≈≈≈≈
≈≈≈≈≈≈.@≈m()≈≈m..≈≈≈≈≈≈≈
≈≈≈≈≈≈≈S≈≈≈≈<......≈≈≈≈≈
≈≈≈≈≈≈≈≈≈≈≈≈...###..≈≈≈≈
≈≈.≈≈≈≈..≈≈≈≈..# #.≈≈≈≈
≈≈#.≈(...≈≈≈≈.)# .≈≈≈≈
≈...≈≈.#.≈≈≈..... ≈≈≈≈≈
≈≈≈≈≈≈...<≈≈.#..$. ≈≈≈≈≈
≈≈≈≈≈≈≈..≈≈≈....≈≈


You could see a merfolk impaler, a merfolk javelineer, a sea snake, a wind
drake, a merfolk, a faun, a manticore and a siren.

Vanquished Creatures
  Rupert (D:12)
  A kraken (Shoals:1)
  Donald (Snake:1)
  12 nagarajas
  Louise (Snake:2)
  A reaper (IceCv)
  Josephine (Orc:2)
  2 minotaurs
  The ghost of edsrzf the Severer, a journeyman HOTm of Uskayaw (Lair:2)
  Harold (D:12)
  Fannar (D:10)
  The ghost of tijit the Impaler, a journeyman MfGl of Vehumet (Lair:2)
  2 vault guards (D:14)
  9 hydras
  12 naga warriors
  An alligator snapping turtle (Shoals:2)
  A merfolk aquamancer (Shoals:2)
  14 anacondas
  A catoblepas (Lair:5)
  A merfolk avatar (Shoals:1)
  A death knight (D:14)
  3 centaur warriors
  A satyr (Shoals:1)
  7 death yaks (Lair:4)
  2 tengu warriors
  4 ogre magi (Orc:2)
  9 naga sharpshooters
  An orc high priest (Orc:1)
  Sonja (D:11)
  7 shock serpents
  Nergalle (Lair:1)
  2 salamander mystics (Snake:3)
  10 skeletal warriors
  A sixfirhy (Lair:6)
  A flayed ghost (D:15)
  12 sea snakes
  An unseen horror (D:13)
  5 naga ritualists
  2 hill giants
  Pikel (D:5)
  8 harpies
  3 orc knights
  A necromancer (D:15)
  4 wizards
  7 mana vipers
  4 deep elf magi
  6 ugly things
  2 orc sorcerers
  An oklob plant (Lair:4)
  16 salamanders
  4 cyclopes
  5 fauns
  11 manticores
  2 elephants (Shoals:1)
  A stone giant skeleton (D:15)
  A water nymph (Shoals:3)
  5 sirens
  25 black mambas
  A smoke demon (Lair:6)
  A fire giant skeleton (D:15)
  2 ice statues (IceCv)
  Psyche (D:10)
  A frost giant skeleton (D:15)
  10 guardian serpents
  2 gargoyles
  17 naga magi
  Joseph (D:7)
  A torpor snail (Lair:3)
  22 spiny frogs
  3 orange demons (Lair:6)
  8 komodo dragons
  A freezing wraith (D:14)
  A kobold demonologist (D:12)
  5 rime drakes
  2 efreet (D:13)
  A hellwing (Lair:6)
  9 ice devils
  A guardian mummy (D:15)
  6 meliai
  7 merfolk
  A minotaur zombie (Lab)
  13 trolls
  3 red devils (Lair:6)
  2 polar bears
  A hornet (D:10)
  A minotaur skeleton (Lab)
  11 two-headed ogres
  3 wind drakes
  3 slime creatures (Lair:6)
  18 blink frogs
  4 dream sheep
  3 snapping turtles (Shoals:1)
  6 hippogriffs
  2 vampires
  57 yaks
  4 wyverns
  An elf zombie (D:15)
  5 wraiths
  3 hogs (D:8)
  Eustachio (D:4)
  5 basilisks
  21 humans
  2 hungry ghosts
  2 water elementals (Shoals:2)
  A mottled dragon (D:14)
  51 nagas
  3 wargs
  Edmund (D:4)
  3 soldier ants
  15 water moccasins
  Menkaure (D:7)
  A hell hound (Lair:6)
  10 porcupines
  A swamp drake (Orc:1)
  10 sky beasts
  4 eyes of draining
  17 orc warriors
  2 slaves (D:5)
  5 ice beasts
  A necrophage (D:9)
  34 ogres
  2 phantoms
  2 hornet zombies
  4 wolves (Lair:6)
  13 centaurs
  10 crocodiles
  5 big kobolds
  A gnoll sergeant (D:5)
  21 bullfrogs
  2 wyvern zombies
  3 scorpions
  A water moccasin skeleton (D:4)
  25 killer bees
  5 howler monkeys
  26 wights
  An electric eel (Lair:6)
  3 centaur zombies
  6 crimson imps
  4 hounds
  4 gnoll shamans (D:5)
  4 jellies
  15 orc priests
  18 orc wizards
  Crazy Yiuf (D:7)
  A bullfrog skeleton (D:8)
  2 centaur skeletons
  An iron imp (Orc:1)
  5 iguanas
  13 worker ants
  2 hound skeletons
  8 mummies (Ossuary)
  Robin (D:4)
  2 howler monkey zombies
  41 gnolls
  9 adders
  6 shadow imps
  5 white imps
  10 ufetubi (IceCv)
  An ooze (D:1)
  An adder zombie (D:9)
  An adder skeleton (D:5)
  5 worms
  3 dart slugs
  7 leopard geckos
  82 orcs
  6 giant cockroaches
  A gnoll zombie (Ossuary)
  17 hobgoblins
  44 jackals
  17 kobolds
  4 quokkas
  3 ball pythons
  A ball python skeleton (D:4)
  5 bats
  4 frilled lizards
  15 goblins
  A hobgoblin zombie (Ossuary)
  A jackal zombie (D:5)
  2 kobold zombies (Ossuary)
  A leopard gecko skeleton (D:6)
  A leopard gecko zombie (D:5)
  4 orc zombies (Ossuary)
  8 rats
  A butterfly (Lair:3)
  5 tentacles (Shoals:1)
1201 creatures vanquished.

Vanquished Creatures (others)
  2 merfolk javelineers
  3 naga sharpshooters
  2 manticores
  A naga mage (Snake:1)
  A black mamba (Snake:1)
  2 nagas
  A centaur (Shoals:1)
  A gnoll (D:5)
  6 white imps (IceCv)
  2 ufetubi (IceCv)
  A jackal (D:7)
  A fungus (Lair:3)
  4 plants
  9 tentacles (Shoals:1)
  2 withered plants (D:15)
38 creatures vanquished.

Grand Total: 1239 creatures vanquished

Notes
Turn   | Place    | Note
-------+----------+-------------------------------------------
     0 | D:1      | edsrzf the Formicid Fighter began the quest for the Orb.
     0 | D:1      | Reached XP level 1. HP: 18/18 MP: 1/1
    75 | D:1      | Reached XP level 2. HP: 21/24 MP: 2/2
   251 | D:1      | Reached XP level 3. HP: 25/29 MP: 3/3
   254 | D:1      | Reached skill level 4 in Shields
   859 | D:2      | Reached XP level 4. HP: 37/37 MP: 4/4
  1511 | D:2      | Reached skill level 4 in Fighting
  1593 | D:2      | Reached skill level 3 in Long Blades
  1691 | D:2      | Reached XP level 5. HP: 42/42 MP: 5/5
  2291 | D:3      | Identified 6 potions of curing
  2304 | D:3      | Reached skill level 5 in Shields
  2532 | D:3      | Reached XP level 6. HP: 44/48 MP: 6/6
  2767 | D:3      | Identified 5 scrolls of identify
  2767 | D:3      | Identified a potion of haste
  2768 | D:3      | Identified a potion of ambrosia
  2769 | D:3      | Identified a potion of flight
  2770 | D:3      | Identified a potion of invisibility
  2851 | D:4      | Reached skill level 4 in Long Blades
  2851 | D:4      | Reached skill level 4 in Armour
  2932 | D:4      | Noticed Eustachio
  2943 | D:4      | Reached skill level 1 in Dodging
  2943 | D:4      | Reached XP level 7. HP: 25/55 MP: 7/7
  2973 | D:4      | HP: 1/55 [ogre/giant club (17)]
  2986 | D:4      | Killed Eustachio
  2986 | D:4      | Reached skill level 5 in Fighting
  2986 | D:4      | Reached skill level 5 in Long Blades
  3180 | D:4      | Reached skill level 6 in Shields
  3225 | D:4      | Noticed Edmund
  3285 | D:4      | Killed Edmund
  3285 | D:4      | Reached skill level 2 in Dodging
  3285 | D:4      | Reached XP level 8. HP: 9/62 MP: 8/8
  3515 | D:4      | Noticed Robin
  3530 | D:4      | Killed Robin
  3764 | D:4      | Reached skill level 6 in Long Blades
  3966 | D:5      | Entered Level 5 of the Dungeon
  3984 | D:5      | Found a staircase to the Ecumenical Temple.
  4002 | Temple   | Entered the Ecumenical Temple
  4255 | Temple   | Became a worshipper of Cheibriados the Contemplative
  4522 | D:5      | Found a glowing golden altar of the Shining One.
  4818 | D:5      | Reached * piety under Cheibriados
  4857 | D:5      | Reached skill level 6 in Fighting
  4860 | D:5      | Reached skill level 3 in Dodging
  4904 | D:5      | Reached XP level 9. HP: 21/69 MP: 9/9
  4917 | D:5      | Reached skill level 7 in Shields
  4967 | D:5      | Reached skill level 7 in Long Blades
  5135 | D:5      | Reached ** piety under Cheibriados
  5453 | D:5      | Noticed Pikel
  5488 | D:5      | Killed Pikel
  5568 | D:5      | Reached skill level 8 in Long Blades
  5568 | D:5      | Reached skill level 4 in Dodging
  6121 | D:6      | Identified the Collected Works on Floating Calling
  6209 | D:6      | Found Pukhleece's Armour Shop.
  6396 | D:7      | Reached *** piety under Cheibriados
  6443 | D:7      | Reached skill level 8 in Shields
  6517 | D:7      | Reached skill level 7 in Fighting
  6517 | D:7      | Reached XP level 10. HP: 59/79 MP: 10/10
  6547 | D:7      | Identified a potion of magic
  6565 | D:7      | Found a runed door.
  6569 | D:7      | Noticed Crazy Yiuf
  6575 | D:7      | Killed Crazy Yiuf
  6591 | D:7      | Identified a potion of mutation
  6683 | D:7      | Noticed Joseph
  6709 | D:7      | Reached skill level 9 in Long Blades
  6727 | D:7      | Killed Joseph
  7118 | D:7      | Noticed Menkaure
  7130 | D:7      | Killed Menkaure
  7272 | D:7      | Identified a potion of berserk rage
  7525 | D:8      | Reached skill level 9 in Shields
  7558 | D:8      | Reached **** piety under Cheibriados
  7563 | D:8      | Reached skill level 8 in Fighting
  7566 | D:8      | Found a hide-covered altar of Uskayaw.
  7583 | D:8      | Reached skill level 1 in Evocations
  7601 | D:8      | Identified 2 scrolls of teleportation
  7602 | D:8      | Identified 4 scrolls of remove curse
  7603 | D:8      | Identified 2 scrolls of fear
  7604 | D:8      | Identified a scroll of enchant weapon
  7605 | D:8      | Identified a scroll of silence
  7606 | D:8      | Identified a scroll of fog
  7607 | D:8      | Identified a scroll of torment
  7608 | D:8      | Identified a scroll of recharging
  7609 | D:8      | Identified a scroll of blinking
  7627 | D:8      | Reached skill level 10 in Long Blades
  7745 | D:8      | Found a sand-covered staircase.
  7764 | Ossuary  | Entered an ossuary
  7827 | Ossuary  | Reached ***** piety under Cheibriados
  7926 | Ossuary  | Identified a potion of degeneration
  7927 | Ossuary  | Identified a potion of cancellation
  8097 | D:8      | Identified a potion of lignification
  8108 | D:8      | Reached skill level 2 in Evocations
  8216 | D:8      | Found a shadowy altar of Dithmenos.
  8327 | D:8      | Reached skill level 3 in Evocations
  8327 | D:8      | Reached XP level 11. HP: 87/87 MP: 13/13
  8574 | D:9      | Reached skill level 11 in Long Blades
  8600 | D:9      | Reached skill level 4 in Evocations
  8772 | D:9      | Found a staircase to the Orcish Mines.
  8782 | D:9      | Reached skill level 9 in Fighting
  9366 | D:9      | Found a runed door.
  9366 | D:9      | Noticed an ice dragon
  9366 | D:9      | Noticed an ice dragon
  9367 | D:9      | Found a runed door.
  9367 | D:9      | Noticed a fire dragon
  9368 | D:9      | Noticed a fire dragon
  9672 | D:10     | Entered Level 10 of the Dungeon
  9701 | D:10     | Reached ****** piety under Cheibriados
  9701 | D:10     | Reached skill level 5 in Evocations
  9722 | D:10     | Noticed Fannar
  9733 | D:10     | Killed Fannar
  9733 | D:10     | Reached skill level 12 in Long Blades
  9996 | D:10     | Reached XP level 12. HP: 97/97 MP: 16/16
 10076 | D:10     | Noticed Psyche
 10084 | D:10     | Killed Psyche
 10084 | D:10     | Reached skill level 6 in Evocations
 10364 | D:11     | Reached skill level 10 in Fighting
 10371 | D:11     | Noticed Sonja
 10386 | D:11     | Killed Sonja
 10426 | D:11     | Reached skill level 13 in Long Blades
 10496 | D:11     | Reached skill level 7 in Evocations
 10585 | D:11     | Learned a level 2 spell: Passwall
 10612 | D:11     | Found a staircase to the Lair.
 10798 | D:11     | Got a smoking amethyst amulet
 10799 | D:11     | Identified the amulet "Onaomoeg" {Reflect Str-5 Int+3 Slay+4 SH+4} (You found it on level 11 of the Dungeon)
 10825 | D:11     | Reached skill level 1 in Invocations
 10951 | Lair:1   | Entered Level 1 of the Lair of Beasts
 10961 | Lair:1   | Reached skill level 1 in Earth Magic
 11005 | Lair:1   | Reached skill level 2 in Invocations
 11011 | Lair:1   | Identified a potion of beneficial mutation
 11014 | Lair:1   | Identified 2 scrolls of immolation
 11015 | Lair:1   | Identified a scroll of enchant armour
 11016 | Lair:1   | Identified a scroll of summoning
 11017 | Lair:1   | Identified a scroll of magic mapping
 11089 | Lair:1   | Noticed a four-headed hydra
 11100 | Lair:1   | Killed an eight-headed hydra
 11100 | Lair:1   | Reached skill level 2 in Earth Magic
 11206 | Lair:1   | Reached skill level 11 in Fighting
 11206 | Lair:1   | Reached skill level 3 in Invocations
 11212 | Lair:1   | Reached skill level 3 in Earth Magic
 11280 | Lair:1   | Noticed Nergalle
 11292 | Lair:1   | Killed Nergalle
 11292 | Lair:1   | Reached XP level 13. HP: 98/106 MP: 18/18
 11368 | Lair:1   | Reached skill level 4 in Earth Magic
 11371 | Lair:1   | Reached skill level 4 in Invocations
 11875 | Lair:2   | Noticed tijit's ghost (journeyman MfGl)
 11884 | Lair:2   | Killed tijit's ghost
 11884 | Lair:2   | Reached skill level 5 in Earth Magic
 11948 | Lair:2   | Reached skill level 5 in Invocations
 11963 | Lair:2   | Noticed a seven-headed hydra
 11967 | Lair:2   | You fall through a shaft!
 11985 | Lair:3   | Found a staircase to the Snake Pit.
 11990 | Lair:3   | Reached skill level 14 in Long Blades
 11997 | Lair:3   | Reached skill level 1 in Transmutations
 12085 | Lair:3   | Reached skill level 2 in Transmutations
 12175 | Lair:3   | Found a labyrinth entrance.
 12189 | Lab      | Entered a labyrinth
 12400 | Lab      | Noticed a minotaur
 12411 | Lab      | Killed a minotaur
 12411 | Lab      | Reached skill level 6 in Invocations
 12415 | Lab      | Identified the Volume of Talismans and Malediction
 12417 | Lab      | Identified a +6 rod of ignition (14/14) (You found it in a labyrinth)
 12617 | Lair:3   | Reached skill level 12 in Fighting
 12617 | Lair:3   | Reached skill level 3 in Transmutations
 12904 | Lair:3   | Identified 2 scrolls of amnesia
 13112 | Lair:3   | Reached skill level 1 in Spellcasting
 13338 | Lair:2   | Noticed edsrzf's ghost (journeyman HOTm)
 13356 | Lair:2   | Killed edsrzf's ghost
 13356 | Lair:2   | Reached skill level 2 in Spellcasting
 13493 | Lair:2   | Found a staircase to the Shoals.
 13705 | Lair:2   | Killed an eight-headed hydra
 13705 | Lair:2   | Reached skill level 7 in Invocations
 13735 | Lair:2   | Reached XP level 14. HP: 93/116 MP: 11/19
 13964 | Lair:4   | Reached skill level 3 in Spellcasting
 13986 | Lair:4   | Gained mutation: You are partially covered in rugged brown scales. (AC +1, +3% HP) [potion of beneficial mutation]
 14073 | Lair:4   | Found a shattered altar of Ashenzari.
 14466 | Lair:4   | Identified a scroll of brand weapon
 14589 | Lair:4   | Reached skill level 4 in Spellcasting
 14589 | Lair:4   | Reached skill level 8 in Invocations
 15401 | Lair:4   | Reached skill level 13 in Fighting
 15648 | Lair:5   | Reached skill level 5 in Spellcasting
 15918 | Lair:5   | Reached skill level 15 in Long Blades
 16266 | Lair:6   | Entered Level 6 of the Lair of Beasts
 16300 | Lair:6   | Reached skill level 9 in Invocations
 16301 | Lair:6   | Found a staircase to the Slime Pits.
 16323 | Lair:6   | Identified a potion of resistance
 16845 | Lair:6   | Reached skill level 6 in Spellcasting
 16938 | Lair:6   | Reached XP level 15. HP: 114/127 MP: 24/24
 17056 | Lair:6   | Found a burning altar of Makhleb.
 17084 | Lair:6   | Reached skill level 5 in Armour
 17312 | Lair:6   | Found a gateway to Hell.
 17409 | Lair:6   | Reached skill level 10 in Invocations
 17643 | Orc:1    | Entered Level 1 of the Orcish Mines
 17644 | Orc:1    | Found Oxan's General Store.
 17846 | Orc:1    | Learned a level 1 spell: Summon Butterflies
 17850 | Orc:1    | Learned a level 3 spell: Tukima's Dance
 18113 | Orc:2    | Entered Level 2 of the Orcish Mines
 18138 | Orc:2    | Found Eskiuj's Antique Weapon Shop.
 18158 | Orc:2    | Noticed Josephine
 18185 | Orc:2    | Killed Josephine
 18185 | Orc:2    | Reached skill level 6 in Armour
 18257 | Orc:2    | Found a staircase to the Elven Halls.
 18641 | Orc:2    | Found a roughly hewn altar of Beogh.
 18722 | Orc:2    | Reached skill level 14 in Fighting
 19019 | Orc:2    | Found Etio's Distillery.
 19019 | Orc:2    | Found Olisch's Weapon Boutique.
 19019 | Orc:2    | Found Hoyqaek's Gadget Shop.
 19019 | Orc:2    | Found Xem Coic's General Store.
 19595 | Orc:1    | Reached skill level 11 in Invocations
 19690 | D:12     | Noticed Rupert
 19697 | D:12     | Reached skill level 7 in Armour
 19703 | D:12     | Killed Rupert
 20055 | D:12     | Reached XP level 16. HP: 138/138 MP: 25/25
 20229 | D:12     | Noticed Harold
 20244 | D:12     | Killed Harold
 20512 | D:13     | Reached skill level 16 in Long Blades
 20665 | D:13     | Found a frozen archway.
 20687 | IceCv    | Entered an ice cave
 20962 | IceCv    | Identified a scroll of acquirement
 21157 | D:13     | Reached skill level 8 in Armour
 21439 | D:14     | Reached skill level 12 in Invocations
 21511 | D:14     | Reached skill level 15 in Fighting
 21551 | D:14     | Reached skill level 9 in Armour
 21712 | D:14     | Found a gate to the Vaults.
 21830 | D:14     | Found a radiant altar of Vehumet.
 21965 | D:15     | Entered Level 15 of the Dungeon
 22138 | D:15     | Found a staircase to the Depths.
 22184 | D:15     | Reached XP level 17. HP: 146/146 MP: 26/26
 22243 | D:15     | Reached skill level 13 in Invocations
 22253 | D:15     | Identified a scroll of vulnerability
 22919 | D:9      | You fall through a shaft for 3 floors!
 23346 | Snake:1  | Entered Level 1 of the Snake Pit
 23392 | Snake:1  | Reached skill level 10 in Armour
 23442 | Snake:1  | Reached skill level 5 in Dodging
 23453 | Snake:1  | Noticed Donald
 23470 | Snake:1  | Killed Donald
 24543 | Snake:2  | Noticed Louise
 24543 | Snake:2  | Reached skill level 16 in Fighting
 24543 | Snake:2  | Reached skill level 17 in Long Blades
 24556 | Snake:2  | Killed Louise
 24585 | Snake:2  | Reached skill level 11 in Armour
 24588 | Snake:2  | Reached skill level 6 in Dodging
 24815 | Snake:2  | Identified a scroll of random uselessness
 25427 | Snake:3  | Reached XP level 18. HP: 155/155 MP: 27/27
 25631 | Snake:3  | Found Puntecs's General Store.
 26120 | Snake:4  | Entered Level 4 of the Snake Pit
 26126 | Snake:4  | Reached skill level 7 in Dodging
 26546 | Snake:4  | Reached skill level 12 in Armour
 26685 | Snake:4  | Reached skill level 8 in Dodging
 26732 | Snake:4  | Reached skill level 17 in Fighting
 27298 | Snake:4  | Reached XP level 19. HP: 158/165 MP: 28/28
 27465 | Snake:4  | Got a serpentine rune of Zot
 27694 | Snake:4  | Reached skill level 18 in Long Blades
 27919 | Shoals:1 | Entered Level 1 of the Shoals
 27958 | Shoals:1 | Reached skill level 13 in Armour
 28107 | Shoals:1 | Reached skill level 9 in Dodging
 28218 | Shoals:1 | Found a hide-covered altar of Uskayaw.
 28697 | Shoals:1 | Found Ygelieq's General Store.
 28705 | Shoals:1 | Bought a scroll of acquirement for 728 gold pieces
 28711 | Shoals:1 | Got a heavily runed large shield
 28722 | Shoals:1 | Identified the +2 large shield of Valiance {MR+} (You acquired it on level 1 of the Shoals)
 29078 | Shoals:2 | Identified a scroll of noise
 29498 | Shoals:3 | HP: 7/166 [manticore/volley of spikes (10)]
 29499 | Shoals:3 | Killed from afar by a wind drake

Skill      XL: |  1  2  3  4  5  6  7  8  9 10 11 12 13 14 15 16 17 18 19 |
---------------+----------------------------------------------------------+-----
Shields        | 4 5 6 8 9 |  9.0
Fighting       | 4 5 6 7 8 9 11 12 13 14 15 16 17 | 17.7
Long Blades    | 3 4 5 6 8 10 12 13 14 15 16 17 18 | 18.3
Armour         | 4 7 9 11 12 13 | 13.5
Dodging        | 1 2 3 4 6 8 9 |  9.5
Evocations     | 3 5 7 |  7.0
Invocations    | 3 7 9 11 12 13 | 13.0
Earth Magic    | 3 5 |  5.1
Transmutations | 3 |  3.1
Spellcasting   | 2 6 |  6.0

Action                   |  1- 3 |  4- 6 |  7- 9 | 10-12 | 13-15 | 16-18 | 19-21 || total
-------------------------+-------+-------+-------+-------+-------+-------+-------++-------
Melee: Long sword        |   105 |   249 |   646 |    92 |       |       |       ||  1092
       Double sword      |       |       |       |   462 |   899 |       |       ||  1361
       Triple sword      |       |       |       |       |    22 |  1155 |   295 ||  1472
Throw: Throwing net      |       |       |     1 |       |       |       |       ||     1
Invok: Slouch            |       |       |       |       |    11 |     7 |     2 ||    20
 Abil: Dig               |       |       |     1 |     1 |     2 |     4 |       ||     8
       Shaft Self        |       |       |       |       |     1 |     1 |       ||     2
Evoke: Wand              |       |       |    14 |     7 |     4 |     4 |       ||    29
       Rod               |       |       |       |       |     2 |       |       ||     2
  Use: Potion            |       |     1 |     9 |       |     3 |       |     2 ||    15
       Scroll            |       |     4 |       |    22 |    10 |     8 |     4 ||    48
 Stab: Paralysed         |       |       |    15 |     5 |       |       |       ||    20
       Invisible         |       |       |     2 |       |       |       |       ||     2
  Eat: Chunk             |       |     7 |    11 |    10 |    16 |     6 |     1 ||    51
       Royal jelly       |       |       |       |       |     2 |     1 |       ||     3
       Beef jerky        |       |       |       |       |     3 |     4 |       ||     7
       Meat ration       |       |       |       |       |       |     1 |     1 ||     2
Armor: Chain mail        |    54 |    99 |   206 |   159 |   162 |   320 |   114 ||  1114
       Scale mail        |     3 |       |       |       |       |       |       ||     3
Dodge: Dodged            |    30 |    58 |   182 |   186 |   211 |   247 |   106 ||  1020
Block: Shield            |    66 |   129 |   384 |   447 |   651 |  1848 |   667 ||  4192
       Reflection        |       |       |       |     4 |    27 |   162 |    73 ||   266
       Rpst.: Long sword |     9 |    25 |    48 |    13 |       |       |       ||    95
       Double sword      |       |       |       |    30 |    58 |       |       ||    88
       Triple sword      |       |       |       |       |     1 |    51 |    17 ||    69
